 Dungeon Crawl Stone Soup version 0.21-a0-531-gacddea6 (webtiles) character file.

4603 KristoblXynda the Grappler (level 10, -3/92 HPs)
             Began as a Troll Monk on Dec 12, 2017.
             Was a Priest of Ashenzari.
             Slain by a troll (14 damage)
             ... on level 9 of the Dungeon.
             The game lasted 00:17:29 (6729 turns).

KristoblXynda the Grappler (Troll Monk)             Turns: 6729, Time: 00:17:29

Health: -3/92      AC:  7    Str: 23    XL:     10   Next: 19%
Magic:  0/11       EV: 13    Int:  9    God:    Ashenzari [***...]
Gold:   521        SH:  0    Dex: 12    Spells: 9/9 levels left

rFire    . . .     SeeInvis +     - Unarmed
rCold    . . .     Gourm    +   (no shield)
rNeg     . . .     Faith    .   a - +1 robe
rPois    +         Spirit   +   (helmet restricted)
rElec    .         Reflect  .   y - +0 cloak (curse)
rCorr    .         Harm     .   (gloves unavailable)
MR       .....     Clarity  +   (boots unavailable)
Stlth    ++........             D - amulet of guardian spirit (curse)
HPRegen  0.65/turn              e - ring of wizardry (curse)
MPRegen  0.12/turn              n - ring of stealth (curse)

@: drained
A: large, unfitting armour, claws 3, clarity, fast metabolism 3, gourmand,
poison resistance, regeneration 1, shaggy fur 1, strong 1, tough skin 2, wild
magic 1, MP-powered wands
a: Curse Item, Scrying, Renounce Religion


You were on level 9 of the Dungeon.
You worshipped Ashenzari.
Ashenzari was most pleased with you.
You were very full.

You visited 2 branches of the dungeon, and saw 10 of its levels.

You collected 521 gold pieces.

Inventory:

Hand Weapons
 h - a +5 whip of flaming
Armour
 a - a +1 robe (worn)
 y - a cursed +0 cloak (worn)
Jewellery
 e - a cursed ring of wizardry (left claw)
 i - an uncursed ring of resist corrosion
 l - an uncursed ring of protection from magic
 n - a cursed ring of stealth (right claw)
 D - a cursed amulet of guardian spirit (around neck)
Wands
 p - a wand of polymorph (4)
 q - a wand of digging (3)
Scrolls
 d - 2 scrolls of teleportation
 m - 3 scrolls of enchant armour
 o - a scroll of remove curse
 w - a scroll of identify
Potions
 g - 2 potions of mutation
 j - 3 potions of curing
 k - a potion of magic
 t - a potion of cancellation
 z - a potion of brilliance
Books
 v - a book of Minor Magic

   Spells                             Type                      Level
   a - Magic Dart                     Conjuration                  1
   b - Blink                          Translocation                2
   c - Call Imp                       Summoning                    2
   d - Slow                           Hexes                        2
   e - Conjure Flame                  Conjuration/Fire             3
   f - Mephitic Cloud                 Conjuration/Poison/Air       3
 x - a book of Battle

   Spells                             Type                      Level
   a - Infusion                       Charms                       1
   b - Shroud of Golubria             Charms/Translocation         2
   c - Song of Slaying                Charms                       2
   d - Spectral Weapon                Hexes/Charms                 3
   e - Regeneration                   Charms/Necromancy            3
 A - a book of Cantrips

   Spells                             Type                      Level
   a - Confusing Touch                Hexes                        1
   b - Animate Skeleton               Necromancy                   1
   c - Summon Small Mammal            Summoning                    1
   d - Apportation                    Translocation                1
Comestibles
 b - 7 bread rations
 f - 3 fruits
 s - 4 meat rations
 C - 9 royal jellies


   Skills:
 - Level 4.0(3.7) Fighting
 - Level 5.6(5.3) Maces & Flails
 + Level 7.6(7.3) Dodging
 - Level 1.0(0.7) Stealth
 + Level 9.2(8.9) Unarmed Combat
 + Level 3.1(5.3) Evocations


You had 9 spell levels left.
You didn't know any spells.

Dungeon Overview and Level Annotations

Branches:
Dungeon (9/15)             Temple (1/1) D:4            Lair (0/6) D:9
    Orc: D:9-12

Altars:
Ashenzari
Cheibriados
Elyvilon
Fedhas
Gozag
Hepliaklqana
Makhleb
Nemelex Xobeh
Okawaru
Qazlal
Ru
Sif Muna
Trog
Uskayaw
Vehumet
Wu Jian
Xom
Yredelemnul
Zin
The Shining One

Annotations:
D:8 Emanloe's ghost, novice GrBe


Innate Abilities, Weirdness & Mutations

You are too large for most types of armour.
You have claws for hands.
Your metabolism is lightning-fast.
You like to eat raw meat.
Your natural rate of healing is unusually fast.
You are covered in fur. (AC +1)
You have very tough skin. (AC +2)
You possess an exceptional clarity of mind.
Your system is resistant to poisons. (rPois)
Your muscles are strong. (Str +2)
Your spells are a little harder to cast, but a little more powerful.
You expend magic power (3 MP) to strengthen your wands.


Message History

The troll closely misses you. The troll claws you.
The troll completely misses you.
You barely miss the troll.
The troll is almost dead.
The troll bites you!!
* * * LOW HITPOINT WARNING * * *
The troll claws you!
* * * LOW HITPOINT WARNING * * *
The troll claws you.
* * * LOW HITPOINT WARNING * * *
You feel much better. The troll barely misses you.
The troll claws you but does no damage. The troll claws you!
You scratch the troll.
The troll is almost dead.
The troll bites you!
* * * LOW HITPOINT WARNING * * *
The troll claws you!
* * * LOW HITPOINT WARNING * * *
The troll claws you!
You die...

* * , .... , ,,, , ,
* *.... , ., ,, ,
.... .. ,, ,,,, * #.
... , ,,,, * #. * ,
... , #. , , .. , ,,
#. ,
#h#################.
, * *
#hT@................
,
#.#....##......####.
, , *#
#....##........... *
#....##...........
#....##........... *
**
#######........... +
* #.....=..... , ,
*, #........... ***
#....####...


You could see a troll and 2 jackals.

Vanquished Creatures
  Pikel (D:4)
  The ghost of Amnesiac the Archer, a novice DEAM of Okawaru (D:6)
  2 hornets (D:8)
  A hippogriff (D:8)
  Sigmund (D:6)
  A hungry ghost (D:8)
  A swamp worm (D:8)
  2 orc warriors
  A black bear (D:8)
  3 ice beasts
  A slave (D:4)
  A phantom (D:7)
  6 centaurs
  5 bullfrogs
  4 scorpions
  3 wights (D:8)
  2 howler monkeys
  2 crimson imps
  A bullfrog zombie (D:5)
  2 hounds
  A centaur skeleton (D:8)
  A jelly (D:5)
  Crazy Yiuf (D:6)
  3 orc priests
  7 orc wizards
  3 bullfrog skeletons
  2 iguanas
  Ijyb (D:5)
  6 worker ants
  A killer bee zombie (D:6)
  2 hound skeletons (D:6)
  7 adders
  An ooze (D:1)
  An adder skeleton (D:8)
  5 worms
  3 leopard geckos
  34 orcs
  5 giant cockroaches
  6 goblins
  5 hobgoblins
  11 jackals
  7 kobolds
  3 quokkas
  2 ball pythons
  6 bats
  2 frilled lizards (D:1)
  A leopard gecko skeleton (D:7)
  7 rats
175 creatures vanquished.

Notes
Turn   | Place    | Note
-------+----------+-------------------------------------------
     0 | D:1      | KristoblXynda the Troll Monk began the quest for the Orb.
     0 | D:1      | Reached XP level 1. HP: 22/22 MP: 0/0
   106 | D:1      | Reached XP level 2. HP: 28/29 MP: 1/1
   540 | D:2      | Reached XP level 3. HP: 32/36 MP: 2/2
   639 | D:2      | Found a shattered altar of Ashenzari.
   810 | D:2      | Reached XP level 4. HP: 43/45 MP: 3/3
   869 | D:2      | Became a worshipper of Ashenzari the Shackled
   869 | D:2      | Reached * piety under Ashenzari
   869 | D:2      | Reached ** piety under Ashenzari
  1327 | D:3      | Found a burning altar of Makhleb.
  1327 | D:3      | Noticed a green death
  1499 | D:3      | Noticed a centaur
  1507 | D:3      | Killed a centaur
  1507 | D:3      | Reached skill level 4 in Unarmed Combat
  1507 | D:3      | Reached XP level 5. HP: 25/53 MP: 4/4
  2031 | D:4      | Found a staircase to the Ecumenical Temple.
  2086 | D:4      | Reached XP level 6. HP: 24/62 MP: 5/5
  2413 | D:4      | Noticed a slave
  2430 | D:4      | Gained mutation: You have a pair of small antennae on your head. [potion of mutation]
  2430 | D:4      | Gained mutation: You are frail. (-10% HP) [potion of mutation]
  2430 | D:4      | Gained mutation: Your system is resistant to poisons. (rPois) [potion of mutation]
  2430 | D:4      | Gained mutation: Your muscles are strong. (Str +2) [potion of mutation]
  2517 | D:4      | Reached skill level 5 in Unarmed Combat
  2533 | Temple   | Entered the Ecumenical Temple
  2628 | D:4      | Noticed Pikel
  2629 | D:4      | Noticed a slave
  2633 | D:4      | Noticed a slave
  2633 | D:4      | Noticed a slave
  2637 | D:4      | Killed a slave
  2647 | D:4      | Killed Pikel
  2647 | D:4      | Reached XP level 7. HP: 13/63 MP: 6/6
  2821 | D:5      | Entered Level 5 of the Dungeon
  2837 | D:5      | Noticed Ijyb
  2841 | D:5      | Reached skill level 5 in Dodging
  2841 | D:5      | Reached skill level 6 in Unarmed Combat
  2853 | D:5      | Killed Ijyb
  2853 | D:5      | Reached XP level 8. HP: 56/70 MP: 7/7
  3594 | D:6      | Noticed Sigmund
  3616 | D:6      | Killed Sigmund
  3750 | D:6      | Noticed Amnesiac's ghost (novice DEAM)
  3811 | D:6      | Reached skill level 7 in Unarmed Combat
  3924 | D:6      | Reached *** piety under Ashenzari
  3981 | D:6      | Killed Amnesiac's ghost
  3981 | D:6      | Reached skill level 5 in Maces & Flails
  3981 | D:6      | Reached XP level 9. HP: 69/75 MP: 8/8
  4012 | D:6      | Got the cursed helmet of Coibluw {+Blink Regen+ Int-5 Stlth+}
  4264 | D:6      | Found a runed door.
  4579 | D:6      | Noticed Crazy Yiuf
  4584 | D:6      | Killed Crazy Yiuf
  4869 | D:7      | Reached skill level 8 in Unarmed Combat
  5613 | D:8      | Reached skill level 1 in Evocations
  5617 | D:8      | Noticed Emanloe's ghost (novice GrBe)
  5678 | D:8      | Noticed a two-headed ogre
  5699 | D:8      | Found a stormy altar of Qazlal.
  5912 | D:8      | a two-headed ogre changed into a swamp worm
  6151 | D:8      | Found a glowing golden altar of the Shining One.
  6163 | D:8      | Reached XP level 10. HP: 62/82 MP: 8/10
  6201 | D:8      | Found a deep blue altar of Sif Muna.
  6207 | D:8      | Found an opulent altar of Gozag.
  6208 | D:8      | Found a blossoming altar of Fedhas.
  6209 | D:8      | Found an iron altar of Okawaru.
  6217 | D:8      | Found a burning altar of Makhleb.
  6245 | D:8      | Reached skill level 9 in Unarmed Combat
  6451 | D:8      | Found a sparkling altar of Nemelex Xobeh.
  6453 | D:8      | Found an ornate altar of the Wu Jian Council.
  6536 | D:9      | Found a staircase to the Lair.
  6639 | D:9      | Lost mutation: You are frail. (-10% HP) [potion of mutation]
  6639 | D:9      | Lost mutation: You have a pair of small antennae on your head. [potion of mutation]
  6639 | D:9      | Gained mutation: You expend magic power (3 MP) to strengthen your wands. [potion of mutation]
  6639 | D:9      | Gained mutation: You possess an exceptional clarity of mind. [potion of mutation]
  6639 | D:9      | Gained mutation: Your spells are a little harder to cast, but a little more powerful. [potion of mutation]
  6729 | D:9      | Slain by a troll

Vault maps used:
D:1:      dpeg_arrival_leaves_temple_mockup, grunt_decor_arrowhead,
          minmay_split_cup_large
D:2:      minmay_door_path, lemuel_crystal_altar, serial_bayou_lagoon_a
D:3:      first_bread, nrook_loot_triangle, makhleb_altar_promises_db
D:4:      minmay_temple_entry_trees, minmay_misc_feat_ornament, uniq_pikel
D:5:      minivault_24, minmay_hedge_maze, uniq_ijyb
D:6:      uniq_crazy_yiuf_cottage, uniq_sigmund
D:8:      minitemple, chequers_temple_overflow_statue_of_worship,
          grunt_qazlal_clouds, tso_oasis_becter, minmay_misc_feat_hallway,
          hangedman_pestilent_swarm, uniq_psyche
D:9:      kennysheep_mini, lair_entry_dummy
Temple:   eino_temple_lava

Skill      XL: |  1  2  3  4  5  6  7  8  9 10 |
---------------+-------------------------------+-----
Fighting       | 3 4 |  4.0
Dodging        | 3 4 5 6 7 |  7.6
Unarmed Combat | 4 5 6 7 8 9 |  9.2
Maces & Flails | 2 3 5 |  5.6
Evocations     | 2 3 |  3.1
Stealth        | |  1.0

Action                   |  1- 3 |  4- 6 |  7- 9 | 10-12 || total
-------------------------+-------+-------+-------+-------++-------
Melee: Unarmed           |    83 |   141 |   304 |    86 ||   614
       Punch             |       |     3 |     8 |     1 ||    12
Invok: Curse Item        |       |     2 |     2 |       ||     4
Evoke: Wand              |       |       |     3 |       ||     3
  Use: Scroll            |       |     7 |     9 |     4 ||    20
       Potion            |       |     2 |     7 |     2 ||    11
 Stab: Sleeping          |       |     3 |     8 |     1 ||    12
  Eat: Chunk             |    12 |    14 |    33 |    12 ||    71
Armor: Robe              |    27 |    49 |    66 |    23 ||   165
       Skin              |       |       |     8 |       ||     8
Dodge: Dodged            |    40 |    74 |   135 |    49 ||   298

Table legend:
 A = Spawn XP
 B = Non-spawn XP
 C = Spawn XP percentage of total XP
 D = Spawn monster count
 E = Non-spawn monster count
 F = Spawn count percentage of total count
 G = Total turns spent on level
                    A         B        C        D         E        F      G
               +---------+---------+-------+---------+---------+-------+---------
         Total |       0 |    6577 |   0.0 |       0 |     174 |   0.0 |  6729
               +---------+---------+-------+---------+---------+-------+---------
           D:1 |       0 |      27 |   0.0 |       0 |      15 |   0.0 |   487
           D:2 |       0 |     103 |   0.0 |       0 |      27 |   0.0 |   798
           D:3 |       0 |     138 |   0.0 |       0 |      11 |   0.0 |   709
           D:4 |       0 |    1010 |   0.0 |       0 |      26 |   0.0 |   764
           D:5 |       0 |     428 |   0.0 |       0 |       8 |   0.0 |   738
           D:6 |       0 |    1799 |   0.0 |       0 |      33 |   0.0 |  1121
           D:7 |       0 |     514 |   0.0 |       0 |      12 |   0.0 |   919
           D:8 |       0 |    2300 |   0.0 |       0 |      33 |   0.0 |   902
           D:9 |       0 |     258 |   0.0 |       0 |       9 |   0.0 |   228
               +---------+---------+-------+---------+---------+-------+---------
